 Dungeon Crawl Stone Soup version 0.26.1-11-gd32895ea62 (webtiles) character file.

Game seed: 4285162696329691633

602 kirbodin the Slasher (level 7, -7/55 HPs)
             Began as a Human Fighter on July 3, 2021.
             Mangled by an ogre
             ... wielding a +0 giant club
              (21 damage)
             ... on level 4 of the Dungeon.
             The game lasted 00:08:46 (3462 turns).

kirbodin the Slasher (Human Fighter)                Turns: 3462, Time: 00:08:46

Health: -7/55      AC:  8    Str: 18    XL:     7   Next: 69%
Magic:  7/7        EV:  8    Int:  8    God:
Gold:   205        SH:  9    Dex: 13    Spells: 6/6 levels left

rFire    . . .     SeeInvis .   a - +0 long sword
rCold    . . .     Faith    +   c - +0 kite shield
rNeg     . . .     Spirit   .   b - +0 scale mail
rPois    .         Reflect  .   (no helmet)
rElec    .         Harm     .   (no cloak)
rCorr    .         Rampage  .   (no gloves)
Will     .....                  v - +0 pair of boots
Stlth    ++........             u - amulet of faith
HPRegen  0.18/turn              r - ring of stealth
MPRegen  0.10/turn              x - ring of stealth

@: no status effects
A: no striking features
a: no special abilities


You were on level 4 of the Dungeon.
You visited 1 branch of the dungeon, and saw 4 of its levels.

You collected 205 gold pieces.

Inventory:

Hand Weapons
 a - a +0 long sword (weapon)
Armour
 b - a +0 scale mail (worn)
 c - a +0 kite shield (worn)
 o - a +0 pair of boots
 v - a +0 pair of boots (worn)
Jewellery
 r - a ring of stealth (left hand)
 u - an amulet of faith (around neck)
 x - a ring of stealth (right hand)
 A - a cursed -4 ring of intelligence {unknown}
Scrolls
 e - a scroll of fog {unknown}
 g - 2 scrolls of enchant armour {unknown}
 h - a scroll of noise {unknown}
 i - 2 scrolls of teleportation {unknown}
 k - 2 scrolls of enchant weapon {unknown}
 n - 3 scrolls of identify {unknown}
 w - 5 scrolls of remove curse {unknown}
 y - a scroll of blinking {unknown}
Potions
 d - a potion of might
 f - a potion of mutation {unknown}
 j - a potion of haste {unknown}
 l - a potion of ambrosia {unknown}
 m - 2 potions of attraction {unknown}
 p - a potion of brilliance {unknown}
 q - 2 potions of curing {unknown}
 s - a potion of cancellation {unknown}
 t - a potion of magic {unknown}
 z - a potion of flight {unknown}


   Skills:
 + Level 4.4 Fighting
 + Level 5.1 Long Blades
 + Level 4.2 Armour
 + Level 1.9 Dodging
 + Level 0.6 Stealth
 + Level 4.3 Shields


You had 6 spell levels left.
You didn't know any spells.
Your spell library was empty.

Dungeon Overview and Level Annotations

Branches:
Dungeon (4/15)
 Temple: D:4-7

Altars:


Message History

Found 20 sling bullets.
Found a stone staircase leading up.
An ogre comes into view. It is wielding a +0 giant club.
Found a scroll labelled PATSEHAIXE.
The helpless ogre fails to defend itself.
You slash the ogre!
The ogre is moderately wounded.
The ogre hits you with a +0 giant club!!
You hit the ogre.
The ogre is heavily wounded.
The ogre hits you with a +0 giant club!!
* * * LOW HITPOINT WARNING * * *
You are too injured to fight recklessly!
You are too injured to fight recklessly!
You are too injured to fight recklessly!
You are too injured to fight recklessly!
You are too injured to fight recklessly!
You are too injured to fight recklessly!
You block the ogre's attack.
The ogre hits you with a +0 giant club!!
You die...

####### #.# ....... #.# .......
#.####### .......####.......#
...........(.#....#
.............<....# ..#......#
#.#O####......+ ..# ... #.#@#
#......# #.## ....#######.#.#
#...?..# #.#.
..........#.#.####......# #.#.
...>............######### #.#.
#+#.....##.#.#....# #.#.
#.#...#.##.#.###..##########.#.
#.#...................†........
#.#.###....#.####.#####......##
#.#........#.# #.#####.##...#


You could see an ogre.

Vanquished Creatures
  Sigmund (D:2)
  2 phantoms (D:4)
  An ogre (D:4)
  A hound (D:4)
  2 iguanas (D:4)
  2 adders (D:2)
  2 oozes
  A dart slug (D:1)
  5 leopard geckos
  5 orcs
  5 giant cockroaches
  7 goblins
  7 hobgoblins
  4 jackals
  8 kobolds
  4 quokkas
  A ball python (D:2)
  7 bats
  5 frilled lizards
  A leopard gecko skeleton (D:4)
  8 rats
79 creatures vanquished.

Notes
Turn   | Place    | Note
-------+----------+-------------------------------------------
     0 | D:1      | kirbodin the Human Fighter began the quest for the Orb.
     0 | D:1      | Reached XP level 1. HP: 18/18 MP: 1/1
    53 | D:1      | Reached XP level 2. HP: 21/24 MP: 2/2
   334 | D:1      | Reached XP level 3. HP: 28/29 MP: 3/3
   659 | D:2      | Reached XP level 4. HP: 29/36 MP: 4/4
   908 | D:2      | Noticed Sigmund
   935 | D:2      | Killed Sigmund
   936 | D:2      | Reached skill level 3 in Long Blades
   936 | D:2      | Reached skill level 1 in Dodging
   936 | D:2      | Reached XP level 5. HP: 4/42 MP: 5/5
   936 | D:2      | Reached XP level 6. HP: 4/48 MP: 6/6
  2756 | D:4      | Noticed an ogre
  2758 | D:4      | Noticed a phantom
  2771 | D:4      | Killed an ogre
  2772 | D:4      | Reached skill level 4 in Long Blades
  2778 | D:4      | Killed a phantom
  2779 | D:4      | Reached XP level 7. HP: 32/54 MP: 7/7
  3224 | D:4      | Reached skill level 5 in Long Blades
  3462 | D:4      | Mangled by an ogre

Illustrated notes

Levels and vault maps discovered:
D:1:      dpeg_arrival_fog, layout_rooms
D:2:      layout_basic, uniq_sigmund
D:3:      layout_basic, minmay_misc_feat_secret_circle
D:4:      layout_basic

Skill      XL: |  1  2  3  4  5  6  7 |
---------------+----------------------+-----
Long Blades    | 3 4 5 |  5.1
Dodging        | 1 |  1.9
Shields        | 4 |  4.3
Fighting       | 4 |  4.4
Armour         | 4 |  4.2
Stealth        | |  0.6

Action                   |  1- 3 |  4- 6 |  7- 9 || total
-------------------------+-------+-------+-------++-------
Melee: Long sword        |    69 |   122 |    57 ||   248
 Stab: Sleeping          |       |       |     1 ||     1
Armor: Scale mail        |    68 |    39 |    13 ||   120
Dodge: Dodged            |    33 |    50 |    18 ||   101
Block: Kite shield       |    65 |    45 |    25 ||   135
       Rpst.: Long sword |     9 |    20 |     7 ||    36
